[ PARTIDA AOE2 · #480348754 ]
UnrankedCumanos vs Huns
[ ANÁLISIS DE REPETICIÓN · EXTRAÍDO DE LA PARTIDA GRABADA ]
Feudal
11:16
Castillos
22:22
Imperial
40:36
| APM promedio | 65.8 |
| APM pico | 116 |
| eAPM promedio | 35.8 |
| Aldeanos / militares | 132 / 124 |
Foco
⚔️ 30.2% · 🌾 69.8%
Knight ×64 · Scout Cavalry ×34 · Camel Scout ×25 · Spearman ×1
Feudal
11:21
Castillos
20:20
Imperial
—
| APM promedio | 47.9 |
| APM pico | 121 |
| eAPM promedio | 16.4 |
| Aldeanos / militares | 148 / 75 |
Foco
⚔️ 27.1% · 🌾 72.9%
Cavalry Archer ×23 · Monk ×16 · Scout Cavalry ×11 · Spearman ×9 · Battering Ram ×6 · Knight ×5
Feudal
11:50
Castillos
23:37
Imperial
—
| APM promedio | 54.5 |
| APM pico | 117 |
| eAPM promedio | 26.0 |
| Aldeanos / militares | 91 / 62 |
Foco
⚔️ 31.9% · 🌾 68.1%
Archer ×43 · Mangonel ×14 · Scorpion ×3 · Monk ×1 · Spearman ×1
Feudal
11:56
Castillos
24:07
Imperial
—
| APM promedio | 54.9 |
| APM pico | 123 |
| eAPM promedio | 28.4 |
| Aldeanos / militares | 126 / 38 |
Foco
⚔️ 43.1% · 🌾 56.9%
Skirmisher ×26 · Mangonel ×7 · Woad Raider ×4 · Archer ×1
Mapa de la partida
Recursos iniciales + cada clic de construcción. Líneas = muros · curvas = relieve. ◆ oro · ⬟ piedra · ● bayas · ✦ reliquia · ◌ hueco del cierre
Tu base· Abierta — hueco de 3t
Base de aunclelikegod02· Abierta — flanco sin cerrar
Base de ferminsin· Abierta — flanco sin cerrar
Base de Sabrina Carpenter· Abierta — flanco sin cerrar
Terreno inicial suavizado · ◌ = hueco del cierre detectado · pasá el cursor para detalles
Inputs por minuto
— ferdago308 - - aunclelikegod02
Build order — ferdago308
Primeras 150 de 427 acciones detectadas
| 0:04 | Construir | Town Center |
| 1:16 | Construir | House |
| 1:34 | Construir | House |
| 2:25 | Crear | Villager (Male) |
| 2:25 | Crear | Villager (Male) |
| 2:25 | Crear | Villager (Male) |
| 2:26 | Crear | Villager (Male) |
| 2:26 | Crear | Villager (Male) |
| 3:23 | Crear | Villager (Male) |
| 4:23 | Crear | Villager (Male) |
| 4:23 | Crear | Villager (Male) |
| 4:35 | Crear | Villager (Male) |
| 4:35 | Crear | Villager (Male) |
| 4:41 | Construir | House |
| 5:13 | Construir | Lumber Camp |
| 5:19 | Crear | Villager (Male) |
| 5:20 | Crear | Villager (Male) |
| 5:20 | Crear | Villager (Male) |
| 5:28 | Crear | Villager (Male) |
| 5:28 | Crear | Villager (Male) |
| 6:31 | Crear | Villager (Male) |
| 6:32 | Crear | Villager (Male) |
| 6:32 | Crear | Villager (Male) |
| 6:33 | Crear | Villager (Male) |
| 6:56 | Crear | Villager (Male) |
| 7:04 | Construir | House |
| 7:29 | Construir | Mill |
| 8:01 | Crear | Villager (Male) |
| 8:15 | Investigar | Loom |
| 9:05 | Investigar | Feudal Age |
| 9:25 | Construir | House |
| 9:26 | Construir | House |
| 9:27 | Construir | Palisade Wall |
| 9:37 | Construir | Palisade Wall |
| 9:38 | Construir | Palisade Wall |
| 10:17 | Crear | Villager (Male) |
| 10:47 | Construir | Palisade Wall |
| 11:16 | Crear | Villager (Male) |
| 11:16 | Edad | Edad Feudal |
| 11:20 | Construir | Town Center |
| 11:21 | Investigar | Double-Bit Axe |
| 11:36 | Construir | House |
| 11:39 | Construir | Palisade Wall |
| 11:40 | Construir | Palisade Wall |
| 11:41 | Construir | Palisade Wall |
| 11:48 | Construir | Farm |
| 11:54 | Crear | Villager (Male) |
| 12:12 | Crear | Villager (Male) |
| 12:35 | Crear | Villager (Male) |
| 12:52 | Crear | Villager (Male) |
| 13:03 | Crear | Villager (Male) |
| 13:10 | Investigar | Horse Collar |
| 13:33 | Crear | Villager (Male) |
| 13:57 | Construir | Palisade Wall |
| 13:58 | Construir | Palisade Wall |
| 14:00 | Construir | Palisade Wall |
| 14:04 | Construir | Palisade Wall |
| 14:05 | Construir | Palisade Wall |
| 14:06 | Construir | Palisade Wall |
| 14:08 | Construir | Palisade Wall |
| 14:09 | Construir | Palisade Wall |
| 14:15 | Crear | Villager (Male) |
| 14:20 | Crear | Villager (Male) |
| 14:22 | Crear | Villager (Male) |
| 14:33 | Crear | Villager (Male) |
| 14:33 | Crear | Villager (Male) |
| 15:06 | Construir | Farm |
| 15:07 | Construir | Farm |
| 15:08 | Construir | Farm |
| 15:08 | Construir | Farm |
| 15:08 | Construir | Farm |
| 15:08 | Construir | Farm |
| 15:21 | Crear | Villager (Male) |
| 15:23 | Crear | Villager (Male) |
| 15:34 | Construir | Farm |
| 15:36 | Crear | Villager (Male) |
| 15:39 | Construir | Farm |
| 15:41 | Construir | Farm |
| 15:45 | Crear | Villager (Male) |
| 15:59 | Crear | Villager (Male) |
| 16:02 | Construir | Farm |
| 16:03 | Crear | Villager (Male) |
| 16:26 | Construir | House |
| 16:37 | Crear | Villager (Male) |
| 16:43 | Crear | Villager (Male) |
| 16:47 | Construir | Farm |
| 16:48 | Crear | Villager (Male) |
| 16:57 | Construir | Farm |
| 16:59 | Construir | Farm |
| 17:00 | Crear | Villager (Male) |
| 17:08 | Crear | Villager (Male) |
| 17:13 | Investigar | Wheelbarrow |
| 17:37 | Construir | Farm |
| 17:39 | Crear | Villager (Male) |
| 17:40 | Crear | Villager (Male) |
| 17:54 | Construir | Farm |
| 18:01 | Crear | Villager (Male) |
| 18:15 | Crear | Villager (Male) |
| 18:26 | Crear | Villager (Male) |
| 18:31 | Construir | Market |
| 18:33 | Crear | Villager (Male) |
| 18:43 | Construir | Blacksmith |
| 19:00 | Crear | Villager (Male) |
| 19:23 | Construir | House |
| 19:40 | Construir | Barracks |
| 19:42 | Investigar | Castle Age |
| 19:44 | Crear | Villager (Male) |
| 19:51 | Construir | Mill |
| 19:53 | Crear | Villager (Male) |
| 20:09 | Crear | Villager (Male) |
| 20:17 | Investigar | Scale Barding Armor |
| 20:18 | Investigar | Scale Barding Armor |
| 20:35 | Construir | Stable |
| 20:39 | Construir | Stable |
| 20:41 | Crear | Villager (Male) |
| 21:07 | Construir | Farm |
| 21:09 | Construir | Farm |
| 21:12 | Construir | Farm |
| 21:36 | Investigar | Bloodlines |
| 21:37 | Investigar | Bloodlines |
| 21:43 | Crear | Villager (Male) |
| 21:52 | Crear | Villager (Male) |
| 21:53 | Crear | Villager (Male) |
| 21:58 | Construir | House |
| 22:05 | Construir | House |
| 22:20 | Crear | Spearman |
| 22:22 | Edad | Edad de los Castillos |
| 22:24 | Crear | Knight |
| 22:25 | Crear | Knight |
| 22:27 | Construir | Stable |
| 22:29 | Construir | Stable |
| 22:31 | Crear | Villager (Male) |
| 22:34 | Crear | Knight |
| 22:39 | Crear | Knight |
| 22:42 | Investigar | Chain Barding Armor |
| 22:42 | Investigar | Chain Barding Armor |
| 22:46 | Crear | Villager (Male) |
| 22:55 | Crear | Villager (Male) |
| 22:57 | Construir | Town Center |
| 23:03 | Crear | Knight |
| 23:03 | Crear | Knight |
| 23:08 | Crear | Villager (Male) |
| 23:08 | Crear | Villager (Male) |
| 23:09 | Crear | Knight |
| 23:10 | Crear | Knight |
| 23:10 | Crear | Knight |
| 23:28 | Crear | Knight |
| 23:30 | Crear | Camel Scout |
| 23:30 | Crear | Camel Scout |
| 23:31 | Crear | Camel Scout |
Build order — aunclelikegod02
Primeras 150 de 304 acciones detectadas
| 0:07 | Construir | Town Center |
| 2:22 | Crear | Villager (Male) |
| 2:23 | Crear | Villager (Male) |
| 2:28 | Crear | Villager (Male) |
| 2:29 | Crear | Villager (Male) |
| 2:29 | Crear | Villager (Male) |
| 3:54 | Crear | Villager (Male) |
| 3:54 | Crear | Villager (Male) |
| 3:54 | Crear | Villager (Male) |
| 4:27 | Crear | Villager (Male) |
| 4:27 | Crear | Villager (Male) |
| 4:44 | Construir | Lumber Camp |
| 5:12 | Crear | Villager (Male) |
| 5:12 | Crear | Villager (Male) |
| 5:16 | Crear | Villager (Male) |
| 5:16 | Crear | Villager (Male) |
| 5:36 | Crear | Villager (Male) |
| 5:37 | Crear | Villager (Male) |
| 5:43 | Crear | Villager (Male) |
| 5:43 | Crear | Villager (Male) |
| 6:11 | Crear | Villager (Male) |
| 6:12 | Crear | Villager (Male) |
| 7:09 | Crear | Villager (Male) |
| 7:25 | Crear | Villager (Male) |
| 7:59 | Crear | Villager (Male) |
| 8:03 | Construir | Mill |
| 8:27 | Crear | Villager (Male) |
| 9:11 | Investigar | Feudal Age |
| 10:03 | Construir | Barracks |
| 11:11 | Crear | Villager (Male) |
| 11:11 | Crear | Villager (Male) |
| 11:21 | Edad | Edad Feudal |
| 11:22 | Construir | Stable |
| 11:26 | Investigar | Double-Bit Axe |
| 11:26 | Investigar | Double-Bit Axe |
| 11:51 | Crear | Villager (Male) |
| 12:03 | Crear | Scout Cavalry |
| 12:03 | Crear | Scout Cavalry |
| 12:13 | Crear | Villager (Male) |
| 12:27 | Construir | Blacksmith |
| 12:40 | Crear | Scout Cavalry |
| 12:45 | Investigar | Loom |
| 13:28 | Crear | Villager (Male) |
| 13:29 | Crear | Villager (Male) |
| 13:34 | Crear | Scout Cavalry |
| 13:34 | Crear | Scout Cavalry |
| 13:36 | Investigar | Forging |
| 13:41 | Crear | Villager (Male) |
| 14:19 | Crear | Villager (Male) |
| 14:30 | Construir | Mill |
| 14:52 | Crear | Villager (Male) |
| 14:53 | Crear | Villager (Male) |
| 15:30 | Crear | Villager (Male) |
| 16:25 | Crear | Villager (Male) |
| 16:25 | Crear | Villager (Male) |
| 16:28 | Construir | Farm |
| 16:40 | Construir | Farm |
| 16:56 | Crear | Villager (Male) |
| 17:40 | Investigar | Castle Age |
| 17:40 | Investigar | Castle Age |
| 17:54 | Crear | Scout Cavalry |
| 17:54 | Crear | Scout Cavalry |
| 18:27 | Crear | Scout Cavalry |
| 19:08 | Crear | Scout Cavalry |
| 19:09 | Investigar | Scale Barding Armor |
| 19:10 | Investigar | Scale Barding Armor |
| 19:11 | Crear | Villager (Male) |
| 19:47 | Crear | Scout Cavalry |
| 19:48 | Crear | Scout Cavalry |
| 20:20 | Edad | Edad de los Castillos |
| 20:25 | Construir | Siege Workshop |
| 20:26 | Investigar | Light Cavalry (upgrade) |
| 20:27 | Investigar | Light Cavalry (upgrade) |
| 20:41 | Investigar | Chain Barding Armor |
| 20:42 | Investigar | Chain Barding Armor |
| 20:49 | Crear | Battering Ram |
| 20:50 | Crear | Battering Ram |
| 20:52 | Construir | Town Center |
| 20:58 | Construir | Farm |
| 21:24 | Crear | Villager (Male) |
| 21:25 | Crear | Villager (Male) |
| 21:25 | Crear | Villager (Male) |
| 21:37 | Crear | Battering Ram |
| 21:51 | Crear | Villager (Male) |
| 21:51 | Crear | Villager (Male) |
| 21:52 | Crear | Villager (Male) |
| 21:58 | Construir | Monastery |
| 22:12 | Crear | Villager (Male) |
| 22:12 | Crear | Villager (Male) |
| 22:15 | Crear | Battering Ram |
| 22:43 | Crear | Monk |
| 22:47 | Crear | Villager (Male) |
| 22:49 | Construir | Farm |
| 22:50 | Construir | Farm |
| 22:55 | Crear | Villager (Male) |
| 22:57 | Crear | Villager (Male) |
| 22:58 | Crear | Villager (Male) |
| 23:14 | Crear | Monk |
| 23:15 | Crear | Monk |
| 23:15 | Crear | Monk |
| 23:30 | Crear | Monk |
| 23:30 | Crear | Monk |
| 24:00 | Crear | Knight |
| 24:00 | Crear | Knight |
| 24:01 | Crear | Knight |
| 24:13 | Crear | Villager (Male) |
| 24:13 | Crear | Villager (Male) |
| 24:14 | Crear | Villager (Male) |
| 24:14 | Crear | Villager (Male) |
| 25:13 | Crear | Monk |
| 25:13 | Crear | Villager (Male) |
| 25:14 | Crear | Villager (Male) |
| 25:15 | Crear | Villager (Male) |
| 25:30 | Crear | Villager (Male) |
| 25:30 | Crear | Villager (Male) |
| 25:31 | Crear | Villager (Male) |
| 25:31 | Crear | Villager (Male) |
| 25:34 | Construir | Town Center |
| 25:48 | Construir | Farm |
| 25:50 | Construir | Farm |
| 25:52 | Crear | Villager (Male) |
| 25:52 | Crear | Villager (Male) |
| 26:27 | Crear | Knight |
| 26:28 | Crear | Knight |
| 26:28 | Crear | Monk |
| 26:29 | Crear | Monk |
| 26:55 | Crear | Villager (Male) |
| 26:55 | Crear | Villager (Male) |
| 26:56 | Crear | Villager (Male) |
| 27:21 | Crear | Villager (Male) |
| 27:21 | Crear | Villager (Male) |
| 27:22 | Crear | Villager (Male) |
| 27:31 | Crear | Villager (Male) |
| 27:32 | Construir | Farm |
| 27:32 | Construir | Farm |
| 27:33 | Construir | Farm |
| 27:34 | Construir | Farm |
| 27:35 | Construir | Farm |
| 27:48 | Crear | Villager (Male) |
| 27:49 | Crear | Villager (Male) |
| 27:59 | Construir | Farm |
| 28:08 | Crear | Villager (Male) |
| 28:31 | Crear | Mangonel |
| 28:31 | Crear | Mangonel |
| 28:33 | Investigar | Sanctity |
| 28:34 | Investigar | Sanctity |
| 28:34 | Crear | Villager (Male) |
| 28:35 | Crear | Villager (Male) |
| 28:36 | Construir | Farm |
| 28:41 | Construir | Lumber Camp |
Build order — ferminsin
Primeras 150 de 282 acciones detectadas
| 0:08 | Construir | Town Center |
| 1:48 | Construir | House |
| 2:43 | Crear | Villager (Male) |
| 2:43 | Crear | Villager (Male) |
| 2:44 | Crear | Villager (Male) |
| 2:44 | Crear | Villager (Male) |
| 2:45 | Crear | Villager (Male) |
| 3:39 | Crear | Villager (Male) |
| 3:39 | Crear | Villager (Male) |
| 3:58 | Construir | House |
| 4:21 | Construir | Lumber Camp |
| 4:50 | Crear | Villager (Male) |
| 4:50 | Crear | Villager (Male) |
| 4:50 | Crear | Villager (Male) |
| 5:05 | Crear | Villager (Male) |
| 5:57 | Crear | Villager (Male) |
| 5:58 | Crear | Villager (Male) |
| 6:05 | Crear | Villager (Male) |
| 6:05 | Crear | Villager (Male) |
| 6:37 | Crear | Villager (Male) |
| 6:39 | Construir | House |
| 6:56 | Crear | Villager (Male) |
| 6:56 | Crear | Villager (Male) |
| 7:11 | Crear | Villager (Male) |
| 7:11 | Crear | Villager (Male) |
| 7:25 | Construir | Mining Camp |
| 7:37 | Crear | Villager (Male) |
| 7:37 | Crear | Villager (Male) |
| 7:42 | Investigar | Loom |
| 8:02 | Investigar | Loom |
| 9:03 | Crear | Villager (Male) |
| 9:40 | Investigar | Feudal Age |
| 9:40 | Investigar | Feudal Age |
| 10:05 | Construir | Barracks |
| 10:06 | Construir | House |
| 10:31 | Crear | Villager (Male) |
| 10:52 | Construir | Palisade Wall |
| 10:53 | Construir | Palisade Wall |
| 11:15 | Crear | Villager (Male) |
| 11:50 | Edad | Edad Feudal |
| 11:52 | Construir | Archery Range |
| 11:55 | Construir | Archery Range |
| 11:56 | Investigar | Double-Bit Axe |
| 12:03 | Crear | Spearman |
| 12:09 | Crear | Villager (Male) |
| 12:22 | Construir | Palisade Wall |
| 12:24 | Construir | Palisade Wall |
| 12:29 | Crear | Villager (Male) |
| 12:48 | Crear | Archer |
| 12:53 | Crear | Archer |
| 12:54 | Construir | House |
| 13:01 | Crear | Villager (Male) |
| 13:02 | Crear | Archer |
| 13:04 | Crear | Villager (Male) |
| 13:13 | Construir | Palisade Gate |
| 13:28 | Construir | House |
| 13:29 | Crear | Archer |
| 13:39 | Crear | Villager (Male) |
| 13:50 | Construir | Mill |
| 13:57 | Crear | Archer |
| 13:58 | Crear | Archer |
| 14:06 | Construir | House |
| 14:16 | Crear | Villager (Male) |
| 15:02 | Construir | Blacksmith |
| 15:06 | Crear | Villager (Male) |
| 15:09 | Construir | House |
| 15:15 | Crear | Archer |
| 15:17 | Crear | Archer |
| 15:18 | Crear | Archer |
| 15:24 | Crear | Villager (Male) |
| 15:53 | Construir | House |
| 16:03 | Crear | Archer |
| 16:04 | Crear | Archer |
| 16:08 | Crear | Archer |
| 16:18 | Crear | Villager (Male) |
| 16:19 | Investigar | Fletching |
| 16:20 | Investigar | Fletching |
| 16:27 | Crear | Archer |
| 16:30 | Crear | Archer |
| 16:31 | Crear | Villager (Male) |
| 16:36 | Construir | House |
| 16:37 | Construir | Palisade Wall |
| 16:38 | Construir | Palisade Wall |
| 16:40 | Construir | Palisade Wall |
| 16:41 | Construir | Palisade Wall |
| 16:41 | Construir | Palisade Wall |
| 16:49 | Crear | Villager (Male) |
| 17:02 | Crear | Archer |
| 17:17 | Crear | Villager (Male) |
| 17:47 | Crear | Archer |
| 17:54 | Crear | Villager (Male) |
| 17:55 | Crear | Villager (Male) |
| 18:00 | Construir | Market |
| 18:17 | Crear | Villager (Male) |
| 18:20 | Construir | Farm |
| 18:27 | Crear | Archer |
| 18:29 | Crear | Villager (Male) |
| 18:42 | Crear | Archer |
| 18:42 | Crear | Villager (Male) |
| 18:44 | Construir | Farm |
| 19:22 | Construir | Palisade Wall |
| 19:26 | Construir | Farm |
| 19:27 | Construir | Farm |
| 19:27 | Construir | Farm |
| 19:28 | Construir | Farm |
| 19:35 | Construir | House |
| 19:46 | Construir | Palisade Wall |
| 19:50 | Crear | Villager (Male) |
| 20:37 | Construir | Farm |
| 20:57 | Investigar | Castle Age |
| 20:58 | Investigar | Castle Age |
| 21:02 | Crear | Archer |
| 21:38 | Construir | Archery Range |
| 21:49 | Crear | Archer |
| 21:50 | Investigar | Padded Archer Armor |
| 21:50 | Investigar | Padded Archer Armor |
| 21:56 | Construir | Farm |
| 21:59 | Construir | Farm |
| 22:05 | Crear | Archer |
| 22:47 | Crear | Archer |
| 23:03 | Construir | Farm |
| 23:10 | Crear | Archer |
| 23:22 | Construir | House |
| 23:29 | Crear | Archer |
| 23:37 | Edad | Edad de los Castillos |
| 23:40 | Investigar | Bodkin Arrow |
| 23:40 | Investigar | Bodkin Arrow |
| 24:03 | Construir | Town Center |
| 24:08 | Crear | Archer |
| 24:11 | Investigar | Crossbowman (upgrade) |
| 24:11 | Investigar | Crossbowman (upgrade) |
| 24:11 | Investigar | Crossbowman (upgrade) |
| 24:18 | Crear | Villager (Male) |
| 24:33 | Crear | Villager (Male) |
| 25:00 | Construir | Siege Workshop |
| 25:07 | Crear | Archer |
| 25:07 | Crear | Archer |
| 25:12 | Construir | Palisade Wall |
| 25:25 | Crear | Villager (Male) |
| 25:26 | Crear | Villager (Male) |
| 25:35 | Crear | Archer |
| 25:37 | Crear | Archer |
| 25:38 | Crear | Archer |
| 25:53 | Construir | Siege Workshop |
| 25:57 | Crear | Archer |
| 25:57 | Crear | Archer |
| 26:09 | Crear | Villager (Male) |
| 26:10 | Crear | Archer |
| 26:12 | Construir | Lumber Camp |
| 26:20 | Crear | Archer |
Build order — Sabrina Carpenter
Primeras 150 de 287 acciones detectadas
| 0:27 | Construir | Town Center |
| 0:44 | Construir | House |
| 2:36 | Crear | Villager (Male) |
| 2:36 | Crear | Villager (Male) |
| 2:36 | Crear | Villager (Male) |
| 2:36 | Crear | Villager (Male) |
| 2:37 | Crear | Villager (Male) |
| 3:31 | Crear | Villager (Male) |
| 3:54 | Crear | Villager (Male) |
| 3:54 | Crear | Villager (Male) |
| 3:55 | Crear | Villager (Male) |
| 4:06 | Construir | Palisade Wall |
| 4:11 | Construir | Lumber Camp |
| 4:17 | Construir | Palisade Wall |
| 4:25 | Crear | Villager (Male) |
| 4:26 | Crear | Villager (Male) |
| 4:26 | Crear | Villager (Male) |
| 4:42 | Construir | House |
| 4:57 | Construir | House |
| 5:11 | Crear | Villager (Male) |
| 5:12 | Crear | Villager (Male) |
| 5:39 | Crear | Villager (Male) |
| 5:40 | Crear | Villager (Male) |
| 5:51 | Crear | Villager (Male) |
| 5:51 | Crear | Villager (Male) |
| 5:51 | Crear | Villager (Male) |
| 6:26 | Construir | Palisade Wall |
| 6:33 | Construir | Palisade Wall |
| 6:38 | Crear | Villager (Male) |
| 6:42 | Construir | House |
| 6:54 | Construir | House |
| 7:01 | Crear | Villager (Male) |
| 7:20 | Construir | Mill |
| 7:24 | Construir | House |
| 7:40 | Construir | House |
| 8:04 | Crear | Villager (Male) |
| 8:16 | Crear | Villager (Male) |
| 8:26 | Crear | Villager (Male) |
| 8:37 | Crear | Villager (Male) |
| 8:53 | Investigar | Loom |
| 8:54 | Investigar | Loom |
| 9:13 | Crear | Villager (Male) |
| 9:15 | Construir | Palisade Wall |
| 9:29 | Construir | House |
| 9:46 | Investigar | Feudal Age |
| 9:46 | Investigar | Feudal Age |
| 10:34 | Construir | Barracks |
| 10:44 | Construir | House |
| 10:58 | Crear | Villager (Male) |
| 10:58 | Crear | Villager (Male) |
| 11:56 | Edad | Edad Feudal |
| 12:00 | Construir | Archery Range |
| 12:00 | Crear | Villager (Male) |
| 12:03 | Construir | Archery Range |
| 12:13 | Investigar | Double-Bit Axe |
| 12:26 | Crear | Villager (Male) |
| 12:56 | Construir | Mining Camp |
| 12:58 | Crear | Archer |
| 13:10 | Construir | House |
| 13:15 | Construir | Palisade Wall |
| 13:18 | Crear | Villager (Male) |
| 13:22 | Construir | Palisade Wall |
| 13:35 | Crear | Villager (Male) |
| 14:06 | Construir | Watch Tower |
| 14:10 | Crear | Skirmisher |
| 14:18 | Crear | Villager (Male) |
| 14:30 | Crear | Skirmisher |
| 14:56 | Crear | Skirmisher |
| 15:13 | Crear | Villager (Male) |
| 15:30 | Crear | Skirmisher |
| 15:30 | Crear | Skirmisher |
| 15:37 | Construir | House |
| 16:03 | Crear | Villager (Male) |
| 16:17 | Crear | Villager (Male) |
| 16:26 | Crear | Skirmisher |
| 16:27 | Crear | Skirmisher |
| 16:31 | Crear | Villager (Male) |
| 16:48 | Crear | Villager (Male) |
| 16:52 | Construir | Blacksmith |
| 17:11 | Crear | Villager (Male) |
| 17:17 | Crear | Skirmisher |
| 17:17 | Crear | Skirmisher |
| 17:21 | Construir | House |
| 17:22 | Construir | House |
| 17:38 | Investigar | Fletching |
| 17:38 | Investigar | Fletching |
| 17:46 | Crear | Villager (Male) |
| 17:48 | Crear | Skirmisher |
| 17:48 | Crear | Skirmisher |
| 18:02 | Construir | Farm |
| 18:14 | Crear | Villager (Male) |
| 18:21 | Construir | Farm |
| 18:31 | Crear | Skirmisher |
| 18:32 | Crear | Skirmisher |
| 18:37 | Construir | Farm |
| 18:52 | Construir | House |
| 18:56 | Construir | House |
| 19:07 | Crear | Villager (Male) |
| 19:20 | Construir | Farm |
| 19:28 | Crear | Villager (Male) |
| 19:35 | Construir | Farm |
| 19:38 | Construir | Farm |
| 19:44 | Crear | Villager (Male) |
| 20:08 | Construir | Market |
| 20:25 | Crear | Villager (Male) |
| 20:30 | Construir | House |
| 20:56 | Construir | House |
| 20:58 | Crear | Villager (Male) |
| 21:18 | Investigar | Castle Age |
| 21:19 | Investigar | Castle Age |
| 21:32 | Construir | House |
| 21:33 | Construir | Palisade Wall |
| 21:36 | Construir | Palisade Wall |
| 21:39 | Crear | Villager (Male) |
| 21:46 | Investigar | Horse Collar |
| 21:46 | Investigar | Horse Collar |
| 21:50 | Construir | Farm |
| 22:56 | Investigar | Wheelbarrow |
| 22:56 | Investigar | Wheelbarrow |
| 23:02 | Investigar | Gold Mining |
| 23:03 | Investigar | Gold Mining |
| 23:07 | Crear | Skirmisher |
| 23:07 | Crear | Skirmisher |
| 23:41 | Construir | Palisade Wall |
| 23:44 | Crear | Skirmisher |
| 23:44 | Crear | Skirmisher |
| 23:54 | Construir | House |
| 24:07 | Edad | Edad de los Castillos |
| 24:09 | Investigar | Bow Saw |
| 24:09 | Investigar | Bow Saw |
| 24:10 | Investigar | Elite Skirmisher (upgrade) |
| 24:11 | Investigar | Elite Skirmisher (upgrade) |
| 24:38 | Investigar | Bodkin Arrow |
| 24:38 | Investigar | Bodkin Arrow |
| 25:16 | Crear | Villager (Male) |
| 25:17 | Crear | Skirmisher |
| 25:17 | Crear | Skirmisher |
| 25:42 | Construir | University |
| 26:07 | Crear | Villager (Male) |
| 26:25 | Investigar | Ballistics |
| 26:26 | Investigar | Ballistics |
| 26:27 | Crear | Villager (Male) |
| 26:42 | Crear | Villager (Male) |
| 27:02 | Crear | Skirmisher |
| 27:03 | Crear | Skirmisher |
| 27:08 | Construir | Farm |
| 27:14 | Construir | Castle |
| 27:18 | Crear | Skirmisher |
| 27:24 | Crear | Villager (Male) |
| 27:32 | Construir | Town Center |
Cronología de la partida
| 4:06 | Sabrina Carpenter · wall_segment Palisade Wall x1 |
| 4:17 | Sabrina Carpenter · wall_segment Palisade Wall x1 |
| 6:26 | Sabrina Carpenter · wall_segment Palisade Wall x1 |
| 6:33 | Sabrina Carpenter · wall_segment Palisade Wall x1 |
| 9:15 | Sabrina Carpenter · wall_segment Palisade Wall x1 |
| 9:27 | ferdago308 · wall_segment Palisade Wall x1 |
| 9:37 | ferdago308 · wall_segment Palisade Wall x1 |
| 9:38 | ferdago308 · wall_segment Palisade Wall x1 |
| 10:03 | aunclelikegod02 · first_building Barracks |
| 10:05 | ferminsin · first_building Barracks |
| 10:34 | Sabrina Carpenter · first_building Barracks |
| 10:47 | ferdago308 · wall_segment Palisade Wall x1 |
| 10:52 | ferminsin · wall_segment Palisade Wall x1 |
| 10:53 | ferminsin · wall_segment Palisade Wall x1 |
| 11:16 | ferdago308 · age_up feudal |
| 11:21 | aunclelikegod02 · age_up feudal |
| 11:22 | aunclelikegod02 · first_building Stable |
| 11:39 | ferdago308 · wall_segment Palisade Wall x7 |
| 11:40 | ferdago308 · wall_segment Palisade Wall x1 |
| 11:41 | ferdago308 · wall_segment Palisade Wall x1 |
| 11:50 | ferminsin · age_up feudal |
| 11:52 | ferminsin · first_building Archery Range |
| 11:56 | Sabrina Carpenter · age_up feudal |
| 12:00 | Sabrina Carpenter · first_building Archery Range |
| 12:22 | ferminsin · wall_segment Palisade Wall x6 |
| 12:24 | ferminsin · wall_segment Palisade Wall x9 |
| 13:15 | Sabrina Carpenter · wall_segment Palisade Wall x14 |
| 13:22 | Sabrina Carpenter · wall_segment Palisade Wall x4 |
| 13:57 | ferdago308 · wall_segment Palisade Wall x1 |
| 13:58 | ferdago308 · wall_segment Palisade Wall x1 |
| 14:00 | ferdago308 · wall_segment Palisade Wall x1 |
| 14:04 | ferdago308 · wall_segment Palisade Wall x1 |
| 14:05 | ferdago308 · wall_segment Palisade Wall x1 |
| 14:06 | ferdago308 · wall_segment Palisade Wall x1 |
| 14:08 | ferdago308 · wall_segment Palisade Wall x1 |
| 14:09 | ferdago308 · wall_segment Palisade Wall x1 |
| 16:37 | ferminsin · wall_segment Palisade Wall x4 |
| 16:38 | ferminsin · wall_segment Palisade Wall x9 |
| 16:40 | ferminsin · wall_segment Palisade Wall x5 |
| 16:41 | ferminsin · wall_segment Palisade Wall x6 |
| 16:41 | ferminsin · wall_segment Palisade Wall x3 |
| 19:22 | ferminsin · wall_segment Palisade Wall x5 |
| 19:40 | ferdago308 · first_building Barracks |
| 19:46 | ferminsin · wall_segment Palisade Wall x1 |
| 20:14 | ferminsin · first_market_buy 100 food |
| 20:20 | aunclelikegod02 · age_up castle |
| 20:25 | aunclelikegod02 · first_building Siege Workshop |
| 20:35 | ferdago308 · first_building Stable |
| 20:56 | ferminsin · first_market_sell 100 wood |
| 21:08 | Sabrina Carpenter · first_market_buy 100 food |
| 21:33 | Sabrina Carpenter · wall_segment Palisade Wall x3 |
| 21:36 | Sabrina Carpenter · wall_segment Palisade Wall x13 |
| 21:58 | aunclelikegod02 · first_building Monastery |
| 22:22 | ferdago308 · age_up castle |
| 23:37 | ferminsin · age_up castle |
| 23:41 | Sabrina Carpenter · wall_segment Palisade Wall x1 |
| 24:07 | Sabrina Carpenter · age_up castle |
| 24:59 | ferdago308 · wall_segment Palisade Wall x1 |
| 25:00 | ferminsin · first_building Siege Workshop |
| 25:12 | ferminsin · wall_segment Palisade Wall x1 |
| 25:45 | ferdago308 · first_market_buy 100 stone |
| 27:14 | Sabrina Carpenter · first_building Castle |
| 29:13 | Sabrina Carpenter · first_building Siege Workshop |
| 29:40 | Sabrina Carpenter · first_market_sell 100 food |
| 31:15 | ferminsin · first_building Monastery |
| 32:09 | ferdago308 · first_market_sell 100 food |
| 32:38 | aunclelikegod02 · first_building Archery Range |
| 36:21 | ferdago308 · first_building Monastery |
| 36:44 | ferdago308 · first_building Siege Workshop |
| 39:06 | Sabrina Carpenter · wall_segment Palisade Wall x1 |
| 39:29 | aunclelikegod02 · first_building Castle |
| 40:36 | ferdago308 · age_up imperial |
| 40:54 | ferminsin · first_building Castle |
| 41:22 | ferdago308 · wall_segment Palisade Wall x1 |
| 41:31 | aunclelikegod02 · resign |
[ ANÁLISIS IA · 1 CRÉDITO ]
¿Qué pasó realmente en esta partida?
Wolo.gg analiza cada decisión: build order, eco, micro, errores típicos por bracket. Análisis personalizado por WhatsApp o Discord en 30 segundos.
Guía civ
Cumanos
Perfil
Jugador #8595751